 Dungeon Crawl Stone Soup version 0.24-a0-161-g3f7990a (webtiles) character file.

Game seed: 2447042629932364597

27 Dfrag the Firebug (level 3, 0/28 HPs)
             Began as a Naga Fire Elementalist on Mar 6, 2019.
             Slain by an orc
             ... wielding a +0 club
              (1 damage)
             ... on level 2 of the Dungeon.
             The game lasted 00:01:16 (903 turns).

Dfrag the Firebug (Naga Fire Elementalist)           Turns: 903, Time: 00:01:16

Health: 0/28       AC:  3    Str: 10    XL:     3   Next: 10%
Magic:  0/6        EV: 10    Int: 16    God:
Gold:   29         SH:  0    Dex: 11    Spells: 5/6 levels left

rFire    . . .     SeeInvis +   (no weapon)
rCold    . . .     Gourm    .   (no shield)
rNeg     . . .     Faith    .   a - +0 robe
rPois    +         Spirit   .   (no helmet)
rElec    .         Reflect  .   (no cloak)
rCorr    .         Harm     .   i - +0 pair of gloves
MR       .....                  (no barding)
Stlth    ++........             (no amulet)
HPRegen  0.09/turn              (no ring)
MPRegen  0.10/turn              (no ring)

@: very slightly contaminated, very slow
A: large, see invisible, deformed body, poison resistance, slowness 2, slow
metabolism 1, spit poison 1, AC +1
a: Spit Poison


You were on level 2 of the Dungeon.
You were not hungry.

You visited 1 branch of the dungeon, and saw 2 of its levels.

You collected 29 gold pieces.

Inventory:

Armour
 a - a +0 robe (worn)
 i - a +0 pair of gloves (worn)
Scrolls
 b - a scroll of fear {unknown}
 d - a scroll of fog {unknown}
 e - a scroll of remove curse {unknown}
 f - 2 scrolls of identify {unknown}
Potions
 g - a potion of curing {unknown}
 h - a potion of mutation {unknown}
 j - a potion of degeneration {unknown}
Comestibles
 c - 2 rations


   Skills:
 - Level 1.5 Dodging
 - Level 3.0 Stealth
 + Level 2.4 Spellcasting
 + Level 1.8 Conjurations
 + Level 3.4 Fire Magic


You had 5 spell levels left.
You knew the following spells:

 Your Spells              Type           Power        Failure   Level  Hunger
a - Flame Tongue          Conj/Fire      ##...        7%          1    #......

Your spell library contained the following spells:

 Spells                   Type           Power        Failure   Level  Hunger
 Throw Flame              Conj/Fire      ##....       11%         2    ###....
 Conjure Flame            Conj/Fire      ##......     21%         3    ###....
 Inner Flame              Hex/Fire       #.......     28%         3    ###....
 Sticky Flame             Conj/Fire      ##......     56%         4    #####..
 Fireball                 Conj/Fire      ##........   88%         5    ######.


Dungeon Overview and Level Annotations

Branches:
Dungeon (2/15)

Altars:


Innate Abilities, Weirdness & Mutations

You cannot wear boots.
Your serpentine skin is tough. (AC +1)
You have supernaturally acute eyesight. (SInv)
Armour fits poorly on your strangely shaped body.
Your system is resistant to poisons. (rPois)
You cover ground very slowly.
You have a slow metabolism.
You can spit poison.


Message History

* * * LOW HITPOINT WARNING * * *
Casting: Flame Tongue (safe; 7% risk of failure)
Confirm with . or Enter, or press ? or * to list all spells.
Aiming: Flame Tongue (safe; 7% risk of failure)
Press: ? - help, Shift-Dir - straight line, f/p - orc
Aim: an orc, wielding a +0 club and wearing a +0 leather armour (heavily wounded)
The flame tongue hits the orc.
The orc is severely wounded.
The orc hits you with a +0 club.
* * * LOW HITPOINT WARNING * * *
The worm closely misses you.
Casting: Flame Tongue (safe; 7% risk of failure)
Confirm with . or Enter, or press ? or * to list all spells.
Aiming: Flame Tongue (safe; 7% risk of failure)
Press: ? - help, Shift-Dir - straight line, f/p - orc
Aim: an orc, wielding a +0 club and wearing a +0 leather armour (severely wounded)
The flame tongue hits the orc.
The orc is almost dead.
The orc hits you with a +0 club.
You die...

...##...#...#....
.................
##..............
#.......#......
......$.#.#..#..
#........(.....
...........#.#...
.........@o......
.........w.......
......)(.........
......?(.....#...
........###.## ..
......... ... .
.(....##. ....
...... .# .....
...... .# ...


You could see a worm and an orc.

Vanquished Creatures
  An adder (D:1)
  2 giant cockroaches
  3 goblins
  3 hobgoblins (D:1)
  4 kobolds (D:1)
  3 bats (D:1)
  A rat (D:1)
17 creatures vanquished.

Notes
Turn   | Place    | Note
-------+----------+-------------------------------------------
     0 | D:1      | Dfrag the Naga Fire Elementalist began the quest for the
                  | Orb.
     0 | D:1      | Reached XP level 1. HP: 15/15 MP: 3/3
   207 | D:1      | Reached XP level 2. HP: 22/22 MP: 3/5
   658 | D:1      | Reached XP level 3. HP: 6/28 MP: 0/6
   902 | D:2      | HP: 1/28 [orc/+0 club (6)]
   903 | D:2      | Slain by an orc

Levels and vault maps discovered:
D:1:      lightli_arrival_quake, layout_basic, minmay_strange_pillars
D:2:      layout_rooms, makhleb_heckhound_becter, corexii_shack,
          kennysheep_small_spiral, uniq_crazy_yiuf_cottage

Action                   || total
-------------------------++-------
 Cast: Flame Tongue      ||    23
 Abil: Spit Poison       ||    10
Armor: Robe              ||     3
Dodge: Dodged            ||    12

Table legend:
 A = Non-vault XP
 B = Vault XP
 C = Vault XP percentage of total XP
 D = Non-vault monster count
 E = Vault monster count
 F = Vault count percentage of total count
                 A         B        C        D         E       F
            +---------+---------+-------+---------+---------+-------
      Total |      39 |       0 |   0.0 |      17 |       0 |   0.0
            +---------+---------+-------+---------+---------+-------
        D:1 |      35 |       0 |   0.0 |      15 |       0 |   0.0
        D:2 |       4 |       0 |   0.0 |       2 |       0 |   0.0
            +---------+---------+-------+---------+---------+-------
